 Dungeon Crawl Stone Soup version 0.28.0-47-ge53b351184 (webtiles) character file.

Game seed: 10297173199251489395

1314 NinjaNoafa the Skirmisher (level 8, -5/71 HPs)
             Began as a Minotaur Monk on Apr 27, 2022.
             Slain by Duvessa
             ... wielding a +2 short sword of speed
              (8 damage)
             ... on level 5 of the Dungeon.
             The game lasted 00:07:34 (4960 turns).

NinjaNoafa the Skirmisher (Minotaur Monk)           Turns: 4960, Time: 00:07:35

Health: -5/71      AC: 17    Str: 17    XL:     8   Next: 32%
Magic:  7/7        EV:  8    Int: 13    God:
Gold:   228        SH:  0    Dex: 14    Spells: 7/7 levels left

rFire   . . .      SeeInvis .   w - +2 hand axe (vorpal)
rCold   . . .      Faith    .   (no shield)
rNeg    . . .      Spirit   .   b - +4 chain mail
rPois   .          Reflect  .   (helmet restricted)
rElec   .          Harm     .   (no cloak)
rCorr   .          Rampage  .   c - +2 pair of gloves
Will    .....                   (no boots)
Stlth   ..........              (no amulet)
HPRegen 0.21/turn               p - +6 ring of intelligence
MPRegen 0.10/turn               (no ring)

@: no status effects
A: horns 2, retaliatory headbutt
a: no special abilities


You were on level 5 of the Dungeon.
You visited 1 branch of the dungeon, and saw 5 of its levels.
You also visited: Ossuary.

You collected 228 gold pieces.

Inventory:

Hand Weapons
 d - a +2 dagger of venom
 w - a +2 vorpal hand axe (weapon)
Missiles
 i - 2 atropa-tipped darts (quivered)
 o - 9 poisoned darts
Armour
 b - a +4 chain mail (worn)
 c - a +2 pair of gloves (worn)
 x - a +2 leather armour of poison resistance
Jewellery
 p - a +6 ring of intelligence (left hand)
Wands
 j - a wand of flame (21)
 s - a wand of paralysis (10)
Scrolls
 e - a scroll of vulnerability
 f - 3 scrolls of teleportation
 g - 2 scrolls of fog
 l - 3 scrolls of identify
 n - a scroll of enchant armour
 u - a scroll of silence {unknown}
Potions
 a - a potion of attraction {unknown}
 h - a potion of ambrosia {unknown}
 k - 2 potions of haste
 q - a potion of cancellation
 r - a potion of magic
 t - a potion of mutation {unknown}
 v - 3 potions of curing {unknown}


   Skills:
 + Level 6.3 Fighting
 - Level 4.8 Short Blades
 * Level 1.6(3.0) Axes
 - Level 3.9(4.1) Maces & Flails
 + Level 5.9 Armour
 - Level 3.2 Dodging
 - Level 1.5 Stealth
 - Level 5.0 Evocations


You had 7 spell levels left.
You didn't know any spells.
Your spell library contained the following spells:

 Spells                   Type           Power      Damage    Failure   Level
 Beastly Appendage        Tmut           0%         N/A       98%         1
 Magic Dart               Conj           0%         1d3       98%         1
 Sandblast                Erth           0%         2d4       98%         1
 Call Imp                 Summ           0%         N/A       99%         2
 Wereblood                Tmut           0%         N/A       99%         2
 Mephitic Cloud           Conj/Pois/Air  0%         N/A       100%        3
 Spider Form              Tmut/Pois      0%         N/A       100%        3
 Leda's Liquefaction      Hex/Erth       0%         N/A       100%        4
 Summon Ice Beast         Ice/Summ       0%         N/A       100%        4
 Freezing Cloud           Conj/Ice/Air   0%         6-21      100%        5
 Summon Mana Viper        Hex/Summ       0%         N/A       100%        5
 Monstrous Menagerie      Summ           0%         N/A       100%        7
 Polar Vortex             Ice            0%         N/A       100%        9


Dungeon Overview and Level Annotations

Branches:
Dungeon (5/15)            Ossuary (visited)
 Temple: D:4-7

Altars:
Hepliaklqana
Yredelemnul

Annotations:
D:5 Duvessa


Innate Abilities, Weirdness & Mutations

You have a pair of horns on your head.
You reflexively headbutt those who attack you in melee.


Message History

You slash Duvessa!
Duvessa is heavily wounded.
You slash the iguana!
Duvessa hits you with a +2 short sword of speed!
Duvessa hits you with a +2 short sword of speed.
The iguana bites you!
You barely miss the iguana.
The iguana is almost dead.
You hit Duvessa. Duvessa hits you but does no damage.
Duvessa hits you with a +2 short sword of speed.
The iguana bites you but does no damage.
Duvessa hits you with a +2 short sword of speed!
You are too injured to fight recklessly!
You are too injured to fight recklessly!
You are too injured to fight recklessly!
You are too injured to fight recklessly!
You are too injured to fight recklessly!
You are too injured to fight recklessly!
You are too injured to fight recklessly!
You are too injured to fight recklessly!
You are too injured to fight recklessly!
You are too injured to fight recklessly!
You are too injured to fight recklessly!
You hit the iguana.
You kill the iguana!
You hit Duvessa but do no damage. Duvessa hits you but does no damage.
Duvessa hits you with a +2 short sword of speed.
The hound bites you.
* * * LOW HITPOINT WARNING * * *
It was a potion of cancellation.
Your magical effects are unravelling.
You feel magically purged.
You feel a little less mighty now.
Duvessa hits you but does no damage. x2; The hound barely misses you.
A bullfrog zombie comes into view.
Duvessa hits you with a +2 short sword of speed!
* * * LOW HITPOINT WARNING * * *
The hound falls through a shaft!
The shaft crumbles and collapses.
Duvessa hits you with a +2 short sword of speed!
You die...

.# #.# ## ##. ..## #. #... .Z...
## .# #..###...# #. .. #........#
## ##.# ####...)....# #...#
#.....○# ##### #...#####.##..e#
#.... #...##.......#@# #.###
#...##.<.....#.# ########.##.
###..............## #.....##.##.
.......+######....####.....##....
.......# #.#...........#####.
.......# #.##.####.....# #<
###...## ####.# #.....# #. #....#
#.# ####### ## #...## #+ #.# #


You could see Duvessa (berserk).

Vanquished Creatures
  Sigmund (D:2)
  A wraith (Ossuary)
  A black bear (D:4)
  A phantom (D:5)
  A centaur (D:5)
  3 elf skeletons (D:5)
  Dowan (D:5)
  A howler monkey (D:4)
  A human zombie (D:5)
  An orc priest (D:5)
  3 centaur skeletons (D:5)
  A gnoll shaman (D:4)
  A bullfrog skeleton (D:4)
  A hound (D:4)
  An iguana (D:5)
  An orc wizard (D:5)
  3 mummies (Ossuary)
  Robin (D:3)
  3 gnolls (D:4)
  A howler monkey skeleton (D:4)
  5 adders
  A worm (D:3)
  9 orcs
  2 bats
  9 endoplasms
  3 giant cockroaches
  10 hobgoblins
  5 quokkas
  3 ball pythons
  A frilled lizard (D:1)
  12 goblins
  4 goblin zombies (Ossuary)
  4 hobgoblin zombies (Ossuary)
  7 kobolds
  2 kobold zombies (Ossuary)
  2 orc skeletons (D:5)
  6 rats
113 creatures vanquished.

Vanquished Creatures (others)
  A plant (D:4)
1 creature vanquished.

Grand Total: 114 creatures vanquished

Notes
Turn   | Place    | Note
-------+----------+-------------------------------------------
     0 | D:1      | NinjaNoafa the Minotaur Monk began the quest for the Orb.
     0 | D:1      | Reached XP level 1. HP: 19/19 MP: 0/0
   140 | D:1      | Got the Disquisition on the Rocks and Ice
   165 | D:1      | Reached skill level 1 in Armour
   328 | D:1      | Reached XP level 2. HP: 27/27 MP: 1/1
   691 | D:1      | Reached skill level 4 in Fighting
   741 | D:1      | Found a faded altar of an unknown god.
   993 | D:2      | Reached XP level 3. HP: 33/33 MP: 2/2
  1107 | D:2      | Reached skill level 1 in Short Blades
  1187 | D:2      | Noticed Sigmund
  1204 | D:2      | Found a basalt altar of Yredelemnul.
  1595 | D:2      | Killed Sigmund
  1596 | D:2      | Reached XP level 4. HP: 41/41 MP: 3/3
  1596 | D:2      | Reached XP level 5. HP: 47/47 MP: 4/4
  2114 | D:3      | Noticed Robin
  2146 | D:3      | Killed Robin
  2856 | D:4      | Reached skill level 1 in Evocations
  2856 | D:4      | Reached XP level 6. HP: 54/55 MP: 5/5
  3196 | D:4      | Found a hazy altar of Hepliaklqana.
  3555 | D:4      | Reached XP level 7. HP: 49/60 MP: 6/6
  3758 | D:5      | Entered Level 5 of the Dungeon
  3893 | D:5      | Reached skill level 5 in Evocations
  3925 | D:5      | Found a sand-covered staircase.
  3947 | D:5      | Reached skill level 5 in Fighting
  3949 | Ossuary  | Entered an ossuary
  3949 | Ossuary  | Noticed a wraith
  3949 | Ossuary  | Noticed a wraith
  3949 | Ossuary  | Noticed a wraith
  4223 | Ossuary  | Noticed a wraith
  4229 | Ossuary  | Killed a wraith
  4230 | Ossuary  | Reached skill level 5 in Armour
  4564 | D:5      | Reached XP level 8. HP: 70/70 MP: 7/7
  4677 | D:5      | Reached skill level 6 in Fighting
  4949 | D:5      | Noticed Dowan
  4950 | D:5      | Noticed Duvessa
  4953 | D:5      | Killed Dowan
  4954 | D:5      | Reached skill level 1 in Axes
  4958 | D:5      | HP: 2/71 [Duvessa/+2 short sword of speed (16)]
  4960 | D:5      | Slain by Duvessa

Illustrated notes

Levels and vault maps discovered:
D:1:      dpeg_arrival_yet_another_circle, layout_basic,
          ebering_ecumenical_altar_abandoned, lemuel_another_geyser
D:2:      layout_basic, basic_altar, uniq_sigmund
D:3:      layout_loops_cross, uniq_robin
D:4:      layout_cave_pools, nicolae_hepliaklqana_hazy_memory, minmay_cupped
D:5:      layout_loops_cross, nicolae_ossuary_entry_catacombs, st_stairs_11,
          chequers_serial_rivers_room_a, nicolae_underground_beach,
          uniq_duvessa, uniq_ijyb

Skill      XL: |  1  2  3  4  5  6  7  8 |
---------------+-------------------------+-----
Armour         | 1 2 3 4 5 |  5.9
Fighting       | 4 5 6 |  6.3
Short Blades   | 3 4 |  4.8
Evocations     | 1 3 5 |  5.0
Axes           | 1 |  1.6
Maces & Flails | |  3.9
Dodging        | |  3.2
Stealth        | |  1.5

Action                   |  1- 3 |  4- 6 |  7- 9 || total
-------------------------+-------+-------+-------++-------
Melee: Mace              |    22 |     2 |       ||    24
       Headbutt          |    12 |    32 |    57 ||   101
       Dagger            |    34 |   145 |   171 ||   350
       Punch             |     2 |     3 |     4 ||     9
       Hand axe          |       |       |    10 ||    10
Evoke: Wand              |       |       |     1 ||     1
  Use: Potion            |     1 |     6 |     4 ||    11
       Scroll            |       |     8 |       ||     8
 Stab: Sleeping          |     5 |     3 |       ||     8
Armor: Robe              |    13 |    15 |       ||    28
       Chain mail        |       |    61 |   100 ||   161
Dodge: Dodged            |    30 |    47 |    36 ||   113
